 Dungeon Crawl Stone Soup version 0.28.0-53-g5a82cb258f (webtiles) character file.

Game seed: 6304891495929263105

177 karrick the Cudgeller (level 5, -3/32 HPs)
             Began as a Gargoyle Gladiator on Aug 10, 2022.
             Blown up by Ijyb (14 damage)
             ... with a mindburst bolt
             ... on level 3 of the Dungeon.
             The game lasted 00:07:49 (2898 turns).

karrick the Cudgeller (Gargoyle Gladiator)          Turns: 2898, Time: 00:07:50

Health: -3/32      AC:  9    Str: 18    XL:     5   Next: 57%
Magic:  5/5        EV: 12    Int: 11    God:
Gold:   191        SH:  0    Dex: 13    Spells: 4/4 levels left

rFire   . . .      SeeInvis .   a - +0 flail
rCold   . . .      Faith    .   (no shield)
rNeg    + . .      Spirit   .   b - +0 leather armour
rPois   ∞          Reflect  .   p - +0 helmet {Int+3}
rElec   +          Harm     .   (no cloak)
rCorr   .          Rampage  .   j - +0 pair of gloves
Will    .....                   (no boots)
Stlth   +.........              k - amulet of regeneration
HPRegen 0.90/turn               (no ring)
MPRegen 0.09/turn               (no ring)

@: no status effects
A: sickness immunity, AC +4, negative energy resistance 1, electricity
resistance, torment resistance 1, petrification resistance
a: no special abilities


You were on level 3 of the Dungeon.
You visited 1 branch of the dungeon, and saw 4 of its levels.

You collected 191 gold pieces.

Inventory:

Hand Weapons
 a - a +0 flail (weapon)
Missiles
 d - 3 throwing nets (quivered)
Armour
 b - a +0 leather armour (worn)
 j - a +0 pair of gloves (worn)
 p - a +0 helmet of intelligence (worn)
Magical Staves
 m - a staff of earth
Jewellery
 k - an amulet of regeneration (around neck)
Scrolls
 e - 3 scrolls of identify {unknown}
 g - a scroll of immolation {unknown}
 i - a scroll of amnesia {unknown}
 o - a scroll of teleportation {unknown}
Potions
 c - a potion of lignification {unknown}
 f - 2 potions of attraction {unknown}
 h - a potion of flight {unknown}
 l - a potion of curing {unknown}
 n - 3 potions of heal wounds {unknown}


   Skills:
 + Level 3.2 Fighting
 + Level 4.4 Maces & Flails
 - Level 1.7 Throwing
 + Level 2.2 Armour
 + Level 3.0 Dodging
 + Level 1.0 Stealth


You had 4 spell levels left.
You didn't know any spells.
Your spell library contained the following spells:

 Spells                   Type           Power      Damage    Failure   Level
 Summon Guardian Golem    Hex/Summ       0%         N/A       77%         3
 Orb of Destruction       Conj           0%         9d5       100%        7
 Spellforged Servitor     Conj/Summ      0%         N/A       100%        7


Dungeon Overview and Level Annotations

Branches:
Dungeon (4/15)
 Temple: D:4-7

Altars:

Annotations:
D:3 Ijyb
D:4 1 runed translucent door, ratmagoo's ghost, amateur GrEE


Innate Abilities, Weirdness & Mutations

You are immune to sickness and miasma.
Your stone body is resilient. (AC +4)
You are immune to poison.
You resist negative energy. (rN+)
You are resistant to electric shocks. (rElec)
You are resistant to unholy torment.
You are immune to petrification.


Message History

You drop a +0 helmet.
c - a fuming red potion You now have 187 gold pieces (gained 17).
Found 20 sling bullets.
The adder hisses angrily.
There is a stone staircase leading up here.
You climb upwards.
There is a stone staircase leading down here.
You open the door.
There is an open door here.
There is an open door here.
You now have 191 gold pieces (gained 4).
Ijyb and a hobgoblin come into view.
Ijyb is wielding a +0 club and carrying a wand of mindburst (16).
Ijyb shouts!
Ijyb zaps a wand.
Your mind is blasted!
Ouch! That really hurt!
Unknown command.
You closely miss Ijyb. Ijyb barely misses you.
You sock Ijyb!
Ijyb is moderately wounded.
Ijyb screams, "Level is mine!
All mine!"
Ijyb hits you with a +0 club.
You hit Ijyb.
Ijyb is heavily wounded.
Ijyb hits you with a +0 club.
Ijyb zaps a wand.
You barely resist. You barely miss Ijyb.
Ijyb is heavily wounded.
Ijyb barely misses you.
You hit Ijyb.
Ijyb is severely wounded.
Ijyb zaps a wand.
Your mind is blasted!
* * * LOW HITPOINT WARNING * * *
You hit Ijyb.
Ijyb is almost dead.
Ijyb hits you but does no damage.
You hit Ijyb.
Ijyb is almost dead.
Ijyb zaps a wand.
Your mind is blasted!
You die...

###.........##.........#
# ##.......######.##.###
##.....## #####.###
##...## #.......# ##'##
#.###.#.# #.# #.##....#
#.# #.##....# ##.##
#.##....# ##...##
#@###.#.# ###.....##
#g###.#.# #........#
#g..g...# ###.#...##.#
######g### ........# .#
#.gg...#
###.##..........######
#<.......## ##########


You could see Ijyb and a hobgoblin.

Vanquished Creatures
  Jessica (D:2)
  6 adders
  A shadow imp (D:3)
  2 worms (D:2)
  A dart slug (D:2)
  4 orcs
  5 endoplasms
  A giant cockroach (D:1)
  5 hobgoblins (D:1)
  10 jackals
  3 quokkas
  8 ball pythons
  5 bats
  5 frilled lizards
  10 goblins
  2 kobolds
  4 rats
73 creatures vanquished.

Notes
Turn   | Place    | Note
-------+----------+-------------------------------------------
     0 | D:1      | karrick the Gargoyle Gladiator began the quest for the Orb.
     0 | D:1      | Reached XP level 1. HP: 12/12 MP: 1/1
    82 | D:1      | Reached XP level 2. HP: 8/18 MP: 2/2
   621 | D:1      | Reached XP level 3. HP: 22/22 MP: 3/3
   668 | D:1      | Reached skill level 1 in Armour
  1167 | D:1      | Found a faded altar of an unknown god.
  1386 | D:2      | Noticed Jessica
  1395 | D:2      | Killed Jessica
  1396 | D:2      | Reached XP level 4. HP: 20/27 MP: 4/4
  2348 | D:3      | Reached XP level 5. HP: 32/32 MP: 5/5
  2462 | D:3      | Reached skill level 4 in Maces & Flails
  2478 | D:3      | Noticed an ogre
  2773 | D:4      | Found a runed translucent door.
  2786 | D:4      | Reached skill level 1 in Stealth
  2794 | D:4      | Noticed ratmagoo's ghost (amateur GrEE)
  2882 | D:3      | Noticed Ijyb
  2898 | D:3      | Blown up by Ijyb

Illustrated notes

Levels and vault maps discovered:
D:1:      roderic_chinese_lattice_arrival, layout_basic,
          hellmonk_ecumenical_altar_inner_sanctum, minmay_box_of_dots
D:2:      layout_basic, minmay_misc_feat_tiny, uniq_jessica
D:3:      layout_loops_corners, lightli_corner_chamber, uniq_ijyb
D:4:      layout_rooms, ebering_ghost_sewer_f

Skill      XL: |  1  2  3  4  5 |
---------------+----------------+-----
Armour         | 1 2 |  2.2
Fighting       | 3 |  3.2
Dodging        | 3 |  3.0
Maces & Flails | 4 |  4.4
Stealth        | 1 |  1.0
Throwing       | |  1.7

Action                   |  1- 3 |  4- 6 || total
-------------------------+-------+-------++-------
Melee: Flail             |   132 |   116 ||   248
       Punch             |     1 |       ||     1
 Stab: Sleeping          |       |     1 ||     1
Armor: Leather armour    |    64 |    71 ||   135
Dodge: Dodged            |   122 |    99 ||   221
